 Dungeon Crawl Stone Soup version 0.21.1-68-g103a7afc0a (webtiles) character file.

289 NoAnimeNoLife the Chopper (level 6, -2/52 HPs)
             Began as a Hill Orc Fighter on Aug 2, 2018.
             Slain by a gnoll
             ... wielding a +0 spear
              (5 damage)
             ... on level 4 of the Dungeon.
             The game lasted 00:05:39 (2499 turns).

NoAnimeNoLife the Chopper (Hill Orc Fighter)        Turns: 2499, Time: 00:05:39

Health: -2/52      AC:  7    Str: 16 (19) XL:     6   Next: 31%
Magic:  6/6        EV: 12    Int:  5 (8)  God:
Gold:   179        SH:  9    Dex: 14 (17) Spells: 5/5 levels left

rFire    . . .     SeeInvis .   t - +0 hand axe (chop)
rCold    . . .     Gourm    .   c - +0 shield
rNeg     . . .     Faith    .   b - +0 scale mail
rPois    .         Spirit   .   (no helmet)
rElec    .         Reflect  .   (no cloak)
rCorr    .         Harm     .   (no gloves)
MR       .....                  (no boots)
Stlth    +.........             (no amulet)
HPRegen  0.17/turn              (no ring)
MPRegen  0.10/turn              (no ring)

@: agile, flying, invisible
A: no striking features
a: no special abilities


You were on level 4 of the Dungeon.
You were very hungry.

You visited 1 branch of the dungeon, and saw 4 of its levels.

You collected 179 gold pieces.

Inventory:

Hand Weapons
 a - a +0 war axe
 t - a +0 hand axe of chopping (weapon)
Armour
 b - a +0 scale mail (worn)
 c - a +0 shield (worn)
Jewellery
 g - a +5 ring of protection {unknown}
Scrolls
 i - 2 scrolls of identify {unknown}
 j - 2 scrolls of random uselessness {unknown}
 k - a scroll of remove curse {unknown}
 l - a scroll of teleportation {unknown}
 o - a scroll of enchant weapon {unknown}
 q - a scroll of immolation {unknown}
 r - a scroll of enchant armour {unknown}
Potions
 e - 2 potions of degeneration
 h - a potion of brilliance {unknown}
 m - a potion of mutation {unknown}
 n - a potion of flight
 s - a potion of resistance
Comestibles
 f - 5 rations


   Skills:
 - Level 4.1 Fighting
 + Level 7.2 Axes
 - Level 3.8 Armour
 - Level 4.1 Shields


You had 5 spell levels left.
You didn't know any spells.

Dungeon Overview and Level Annotations

Branches:
Dungeon (4/15)
 Temple: D:4-7

Altars:
Ashenzari
Dithmenos
Elyvilon
Fedhas
Gozag
Hepliaklqana
Kikubaaqudgha
Okawaru
Qazlal
Sif Muna
Zin


Message History

You hit the gnoll.
The gnoll is moderately wounded.
You hit the gnoll.
You kill the gnoll!
The gnoll hits you from afar with a spear.
* * * LOW HITPOINT WARNING * * *
It was a potion of degeneration.
There was something very wrong with that liquid.
You feel weakened.
You feel dopey.
You feel clumsy. You block the gnoll's attack.
It was a potion of flight.
You feel very buoyant.
You fly up into the air.
The gnoll hits you but does no damage.
It was a potion of agility.
You feel agile all of a sudden. The gnoll misses you.
It was a potion of invisibility.
You fade into invisibility!
The gnoll hits you from afar with a spear.
You die...

##..
######...####
#............
#..........#
#..........#
#..........#
#....).....#
#.%..@.....#
#...<..g...#
#?....)....#
############


You could see a gnoll.

Vanquished Creatures
  2 hounds (D:3)
  Jessica (D:2)
  Natasha (thrice) (D:2)
  3 gnolls
  2 adders (D:2)
  2 oozes
  A worm (D:3)
  3 dart slugs
  2 leopard geckos
  3 orcs (D:3)
  2 giant cockroaches
  7 goblins
  6 hobgoblins
  4 jackals
  2 ball pythons
  8 bats
  4 frilled lizards
  7 kobolds
  A leopard gecko skeleton (D:4)
  A quokka zombie (D:3)
  6 rats
70 creatures vanquished.

Notes
Turn   | Place    | Note
-------+----------+-------------------------------------------
     0 | D:1      | NoAnimeNoLife the Hill Orc Fighter began the quest for the Orb.
     0 | D:1      | Reached XP level 1. HP: 19/19 MP: 1/1
    19 | D:1      | Reached XP level 2. HP: 13/27 MP: 2/2
    86 | D:1      | Reached skill level 3 in Axes
    90 | D:1      | Reached XP level 3. HP: 17/33 MP: 3/3
   769 | D:2      | Noticed Natasha
   771 | D:2      | Killed Natasha
   771 | D:2      | Reached XP level 4. HP: 36/40 MP: 4/4
   777 | D:2      | Reached skill level 4 in Axes
   857 | D:2      | Noticed Jessica
   864 | D:2      | Killed Jessica
   912 | D:2      | Reached XP level 5. HP: 42/46 MP: 5/5
   965 | D:2      | Noticed Natasha
   972 | D:2      | Killed Natasha
   972 | D:2      | Reached skill level 5 in Axes
  1073 | D:2      | Noticed Natasha
  1078 | D:2      | Killed Natasha
  1103 | D:2      | Found an opulent altar of Gozag.
  1110 | D:2      | Found a glowing silver altar of Zin.
  1112 | D:2      | Found a white marble altar of Elyvilon.
  1116 | D:2      | Found a deep blue altar of Sif Muna.
  1117 | D:2      | Found an iron altar of Okawaru.
  1117 | D:2      | Found a shadowy altar of Dithmenos.
  1117 | D:2      | Found a hazy altar of Hepliaklqana.
  1117 | D:2      | Found a stormy altar of Qazlal.
  1118 | D:2      | Found a shattered altar of Ashenzari.
  1119 | D:2      | Found a blossoming altar of Fedhas.
  1120 | D:2      | Found an ancient bone altar of Kikubaaqudgha.
  1549 | D:2      | Reached skill level 6 in Axes
  1703 | D:3      | Reached XP level 6. HP: 44/52 MP: 6/6
  1849 | D:3      | Reached skill level 7 in Axes
  2495 | D:4      | HP: 2/52 [gnoll/spear (6)]
  2499 | D:4      | Slain by a gnoll

Skill      XL: |  1  2  3  4  5  6 |
---------------+-------------------+-----
Fighting       | 4 |  4.1
Axes           | 3 4 6 7 |  7.2
Shields        | 4 |  4.1
Armour         | |  3.8

Action                   |  1- 3 |  4- 6 || total
-------------------------+-------+-------++-------
Melee: War axe           |    91 |   108 ||   199
       Hand axe          |       |     9 ||     9
  Use: Potion            |     2 |     4 ||     6
  Eat: Chunk             |       |     4 ||     4
Armor: Scale mail        |    47 |    51 ||    98
Dodge: Dodged            |    27 |    32 ||    59
Block: Shield            |    52 |    62 ||   114
